General information
- name: GRUDGE
- type: Custom game
- host: GOKUMaN69
- saver: GOKUMaN69
map: EchoIsles
- players: 5
- length: 10:53
- speed: Fast
- version: 1.21 W3XP
- replay type: Public
» download(36 KB)
Players
team 1 (loser)
erz (
blue | 119 APM | 1293 actions | 10:53)
4 Mountain King
2 Storm Bolt
2 Bash
1 Paladin
1 Holy Light
» actions
| Assign group hotkey | 294 | |
| Basic commands | 14 | |
| Build / train | 54 | |
| Enter build submenu | 26 | |
| Enter hero's abilities submenu | 5 | |
| Give item / drop item | 2 | |
| Right click | 519 | |
| Select / deselect | 168 | |
| Select group hotkey | 145 | |
| Use ability | 66 | |
1293 total
» units
» upgrades
» buildings
| Altar of Kings | 1 | |
| Barracks | 1 | |
| Farm | 3 | |
| Scout Tower | 14 | |
| Lumber Mill | 1 | |
| Arcane Tower | 2 | |
| Town Hall | 1 | |
| Arcane Vault | 2 | |
| Guard Tower | 9 | |
| Keep | 1 | |
| Blacksmith | 1 | |
| Castle | 1 | |
| Arcane Sanctum | 1 | |
38 total
» build order
00:10 Altar of Kings
00:24 Barracks
00:35 Farm
01:05 Farm
01:32 Farm
02:47 Scout Tower
03:01 Lumber Mill
03:31 Arcane Tower
04:15 Town Hall
04:19 Scout Tower
04:20 Scout Tower
04:24 Scout Tower
04:56 Arcane Vault
04:57 Arcane Vault
05:29 Guard Tower
05:30 Arcane Tower
05:32 Guard Tower
06:33 Keep
06:54 Scout Tower
06:56 Scout Tower
06:58 Scout Tower
06:59 Scout Tower
07:05 Scout Tower
07:07 Scout Tower
07:08 Scout Tower
07:08 Scout Tower
07:09 Scout Tower
07:10 Scout Tower
07:31 Guard Tower
07:32 Guard Tower
07:46 Guard Tower
08:02 Guard Tower
09:12 Guard Tower
09:14 Blacksmith
09:15 Castle
09:54 Guard Tower
09:59 Guard Tower
10:12 Arcane Sanctum
» items
| Boots of Speed | 1 | |
| Staff of Teleportation | 1 | |
| Scroll of Regeneration | 2 | |
| Lesser Clarity Potion | 2 | |
| Scroll of Town Portal | 2 | |
| Potion of Lesser Invulnerability | 2 | |
| Potion of Healing | 2 | |
12 total
team 2 (winner)

»
evil_penGOON (
red | 73 APM | 793 actions | 10:52)
4 Dreadlord
2 Sleep
2 Vampiric Aura
» actions
| Assign group hotkey | 15 | |
| Basic commands | 45 | |
| Build / train | 34 | |
| Enter build submenu | 18 | |
| Enter hero's abilities submenu | 4 | |
| Right click | 346 | |
| Select / deselect | 161 | |
| Select group hotkey | 154 | |
| Use ability | 16 | |
793 total
» units
| Acolyte | 7 | |
| Ghoul | 12 | |
| Forest Troll Shadow Priest | 1 | |
20 total
» upgrades
| Unholy Strength | 2 | |
| Unholy Armor | 2 | |
| Ghoul Frenzy | 1 | |
5 total
» buildings
| Crypt | 2 | |
| Ziggurat | 4 | |
| Altar of Darkness | 1 | |
| Tomb of Relics | 1 | |
| Halls of the Dead | 1 | |
| Graveyard | 1 | |
| Black Citadel | 2 | |
| Spirit Tower | 1 | |
13 total
» build order
00:08 Crypt
00:10 Ziggurat
00:35 Altar of Darkness
01:00 Ziggurat
01:32 Tomb of Relics
02:06 Crypt
03:00 Halls of the Dead
03:37 Ziggurat
05:16 Graveyard
05:33 Black Citadel
07:19 Spirit Tower
07:56 Black Citadel
09:51 Ziggurat
observersGOKUMaN69,
OMGGOONRUSH,
Gobiner Chat log
(09:21 / Observers) GOKUMaN69: GRUDGEGRUDGEGRUDGEGRUDGEGRUDGEGRUDGEGRUDGEGRUDGEGRUDGEGRUDGE
(09:46 / Observers) Gobiner: proest creep in all the land
(10:08 / Observers) GOKUMaN69: blight
(10:50 / All) evil_penGOON: gg